AoeStats
← Stahlzie

Arabian Desert

520451663Analyzed
1v1 RM · 5d ago on Nov 11, 2026· 27m 4s· 2 players
Game mode
Random Map
Map size
Tiny (2 player)
Population
200
Speed
Normal
Resources
Standard
Victory
Conquest
Starting age
Dark Age
Ending age
Imperial Age
RankedLock teamsTeams togetherTeam positionsShared explorationLock speedFull tech treeHidden civsTurbo modeCheats
Victory
Defeat
🇺🇸 Malay · United States
1173
+16
vs
🇮🇪 Franks · Ireland
1172
-16
darrylp.oneill
11:10 Feudal Age
21:31 Loom
22:09 Forging
23:04 Scale Barding Armor
27:54 Castle Age
Stahlzie
0:34 Loom
9:19 Feudal Age
7:35 Loom
9:58 Double-Bit Axe
13:40 Horse Collar
14:56 Fletching
24:16 Castle Age
23:57 Crossbowman
24:43 Thumb Ring
24:54 Thumb Ring
26:15 Bodkin Arrow
Connection lost

Rejoining the realm…

Still unreachable

The connection could not be restored.

Session expired

The server has moved on; the page needs a fresh start.